 Dungeon Crawl Stone Soup version 0.21-a0-507-ga8f6b7a (webtiles) character file.

53 slep the Poker (level 3, 0/18 HPs)
             Began as a Vine Stalker Gladiator on Nov 28, 2017.
             Succumbed to an adder's poison
             ... on level 4 of the Dungeon.
             The game lasted 00:02:59 (564 turns).

slep the Poker (Vine Stalker Gladiator)              Turns: 564, Time: 00:02:59

Health: 0/18       AC:  6    Str: 17    XL:     3   Next: 89%
Magic:  0/4        EV: 12    Int:  8    God:
Gold:   52         SH:  0    Dex: 15    Spells: 2/2 levels left

rFire    + . .     SeeInvis .   a - +0 trident
rCold    + . .     Gourm    .   (no shield)
rNeg     . . .     Faith    .   m - +0 ring mail
rPois    +         Spirit   +   c - +0 helmet
rElec    +         Reflect  .   (no cloak)
rCorr    +         Harm     .   (no gloves)
MR       .....                  (no boots)
Stlth    +.........             (no amulet)
HPRegen  0.06/turn              (no ring)
MPRegen  0.09/turn              (no ring)

@: lethally poisoned (0 -> -8), resistant
A: fangs 2, magic shield, antimagic bite, no potion heal 3, rot immunity
a: no special abilities


You were on level 4 of the Dungeon.
You were not hungry.

You visited 1 branch of the dungeon, and saw 3 of its levels.

You collected 52 gold pieces.

Inventory:

Hand Weapons
 a - a +0 trident (weapon)
Missiles
 d - 3 throwing nets (quivered)
Armour
 b - a +0 leather armour
 c - a +0 helmet (worn)
 m - a +0 ring mail (worn)
Scrolls
 e - a scroll of fog {unknown}
 i - 2 scrolls of teleportation {unknown}
 k - 2 scrolls of identify {unknown}
 o - 2 scrolls of remove curse {unknown}
 p - a scroll of fear {unknown}
Potions
 g - a potion of lignification {unknown}
 l - a potion of heal wounds {unknown}
Comestibles
 f - a bread ration
 h - a royal jelly
 n - a meat ration


   Skills:
 + Level 2.1 Fighting
 + Level 3.5 Polearms
 + Level 1.9 Throwing
 + Level 0.3 Armour
 + Level 2.8 Dodging
 + Level 0.2 Stealth


You had 2 spell levels left.
You didn't know any spells.

Dungeon Overview and Level Annotations

Branches:
Dungeon (2/15)

Altars:
Ashenzari
Sif Muna
Wu Jian


Innate Abilities, Weirdness & Mutations

You have extremely sharp teeth.
When hurt, damage is shared between your health and your magic reserves.
Your bite disrupts and absorbs the magic of your enemies.
Potions cannot restore your health.
You are immune to rotting.


Message History

The hobgoblin no longer looks unusually strong.
The adder bites you.
* * * LOW HITPOINT WARNING * * *
The goblin hits you but does no damage. The adder bites you but does no damage.
You barely miss the adder. Your bite misses the adder.
The adder is moderately wounded.
The hobgoblin no longer looks unusually strong.
The goblin hits you but does no damage. The adder bites you but does no damage.
The goblin barely misses you.
You barely miss the adder. Your bite misses the adder.
The adder is moderately wounded.
The goblin no longer looks unusually strong.
The adder bites you but does no damage. x2; The goblin barely misses you.
You closely miss the goblin. Your bite misses the goblin. The adder bites you.
* * * LOW HITPOINT WARNING * * *
You are lethally poisoned!
The adder poisons you! The goblin hits you but does no damage.
It was a potion of resistance.
You feel protected.
You die... ## # .#.# ####.#. g.... gg..

#g. #)#
#g#####.#
#gS@g...#
#########


You could see an adder, 2 hobgoblins and a goblin.

Vanquished Creatures
  Robin (D:4)
  2 adders (D:2)
  A dart slug (D:1)
  A giant cockroach (D:1)
  7 goblins
  3 hobgoblins (D:4)
  A kobold (D:1)
  4 bats (D:1)
  2 frilled lizards (D:1)
  2 rats (D:1)
24 creatures vanquished.

Notes
Turn   | Place    | Note
-------+----------+-------------------------------------------
     0 | D:1      | slep the Vine Stalker Gladiator began the quest for the Orb.
     0 | D:1      | Reached XP level 1. HP: 11/11 MP: 2/2
   119 | D:1      | Reached XP level 2. HP: 15/15 MP: 3/3
   279 | D:1      | Reached skill level 3 in Polearms
   458 | D:2      | Reached XP level 3. HP: 18/18 MP: 4/4
   469 | D:2      | Found an ornate altar of the Wu Jian Council.
   472 | D:2      | Found a shattered altar of Ashenzari.
   480 | D:2      | Found a deep blue altar of Sif Muna.
   527 | D:2      | You fall through a shaft for 2 floors!
   534 | D:4      | Noticed Robin
   555 | D:4      | Killed Robin
   564 | D:4      | Succumbed to an adder's poison

Vault maps used:
D:1:      dpeg_arrival_tiny_b
D:2:      minitemple, minmay_item_behind_shaft, grunt_gozag_statues
D:4:      lemuel_round_altar, minmay_temple_entry_statues, first_bread,
          trog_hazing_becter, uniq_robin

Skill      XL: |  1  2 |
---------------+-------+-----
Fighting       | 2 |  2.1
Polearms       | 3 |  3.5
Throwing       | |  1.9
Armour         | |  0.3
Dodging        | |  2.8
Stealth        | |  0.2

Action                   || total
-------------------------++-------
Melee: Trident           ||    72
       Bite              ||    11
  Use: Potion            ||     1
Armor: Leather armour    ||    13
       Ring mail         ||    14
Dodge: Dodged            ||    35

Table legend:
 A = Spawn XP
 B = Non-spawn XP
 C = Spawn XP percentage of total XP
 D = Spawn monster count
 E = Non-spawn monster count
 F = Spawn count percentage of total count
 G = Total turns spent on level
                    A         B        C        D         E        F      G
               +---------+---------+-------+---------+---------+-------+---------
         Total |       0 |      77 |   0.0 |       0 |      24 |   0.0 |   564
               +---------+---------+-------+---------+---------+-------+---------
           D:1 |       0 |      22 |   0.0 |       0 |      14 |   0.0 |   441
           D:2 |       0 |      26 |   0.0 |       0 |       2 |   0.0 |    86
           D:4 |       0 |      29 |   0.0 |       0 |       8 |   0.0 |    37
               +---------+---------+-------+---------+---------+-------+---------
